cohdb
Replays
Latest Replays
All Replays
Popular Replays
Top Player Replays
Match Explorer
How It Works
Community
CoH3 Stats
Reddit
Sign in to upload your games and track your stats! →
Sign in with Steam
Match 27666012
Unlisted
Match 27666012
Overview
Messages
Build Orders
End
Construct Section Command Post
Selects Australian Defense Battlegroup
Selects Australian Light Infantry Section
Australian Light Infantry Section
Australian Light Infantry Section
Australian Light Infantry Section
Construct Platoon Command Post
Australian Light Infantry Section
Unlock M3 Stuart Light Tanks
M3 Stuart Light Tank
Construct Field Infirmary
darkyBRO
^3
0
0
Comments
sign in to comment!
No comments posted yet!